 Dungeon Crawl Stone Soup version 0.29.0-4-gdea44cf6ec (webtiles) character file.

Game seed: 12346907271591953428

106 qw the Chopper (level 4, -1/36 HPs)
             Began as a Barachi Chaos Knight on Sept 7, 2022.
             Slain by an ogre
             ... wielding a +0 giant club
              (11 damage)
             ... on level 4 of the Dungeon.
             The game lasted 00:01:31 (3526 turns).

qw the Chopper (Barachi Chaos Knight)               Turns: 3526, Time: 00:01:32

Health: -1/36      AC:  8    Str: 16    XL:     4   Next: 84%
Magic:  0/4        EV:  7    Int: 12    God:
Gold:   45         SH:  0    Dex:  9    Spells: 3/3 levels left

rFire   + . .      SeeInvis .   Y - +3 war axe
rCold   + . .      Faith    .   (no shield)
rNeg    . . .      Spirit   +   e - +0 chain mail
rPois   .          Reflect  .   (no helmet)
rElec   .          Harm     .   (no cloak)
rCorr   .          Rampage  .   (no gloves)
Will    .....                   (no boots)
Stlth   ..........              h - amulet of guardian spirit
HPRegen 0.12/turn               b - ring of protection from cold
MPRegen 0.09/turn               (no ring)

@: about to teleport, slow
A: amphibious, slowness 1, strong legs 1, +LOS, clumsy 1, fire resistance 1,
screaming 1
a: Hop


You were on level 4 of the Dungeon.
You visited 1 branch of the dungeon, and saw 4 of its levels.

You collected 183 gold pieces.
You spent 138 gold pieces at shops.


Innate Abilities, Weirdness & Mutations

You are amphibious.
You cover ground slowly.
You can hop short distances.
You have an extended range of vision and can be seen from far away.
You are clumsy. (Dex -2)
Your flesh is heat resistant. (rF+)
You occasionally shout uncontrollably at your foes.


   Skills:
 - Level 3.6 Fighting
 + Level 5.9 Axes
 - Level 2.4 Armour
 - Level 1.1 Dodging


You had 3 spell levels left.
You didn't know any spells.
Your spell library was empty.

Inventory:

Hand Weapons
 r - a +0 flail
 Y - a +3 war axe (weapon)
Armour
 e - a +0 chain mail (worn)
Jewellery
 b - a ring of protection from cold (left hand)
 h - an amulet of guardian spirit (around neck)
 o - a ring of positive energy
Scrolls
 n - a scroll of magic mapping {unknown}
 q - a scroll of enchant armour
Potions
 a - 2 potions of curing {unknown}
 f - 2 potions of lignification {unknown}
 i - 2 potions of might {unknown}
 j - a potion of haste {unknown}
 k - a potion of resistance
 l - 3 potions of heal wounds
 m - a potion of degeneration {unknown}
 p - a potion of mutation {unknown}
Miscellaneous
 c - a piece from Xom's chessboard (15/15)

Dungeon Overview and Level Annotations

Branches:
Dungeon (4/15)
 Temple: D:4-7

Altars:
Yredelemnul
Zin

Shops:
D:1 *   D:4 *


Message History

The adder is almost dead.
The adder bites you. x2
You barely miss the adder.
The adder is almost dead.
The adder bites you.
You closely miss the adder.
The adder is almost dead.
The adder barely misses you. The adder bites you but does no damage.
You slash the adder!
You kill the adder!
You start resting.
Magic restored.
You start resting.
You hear the hiss of a distant avalanche of sand.
An ogre comes into view. It is wielding a +0 giant club.
3517 ||| Stepping ~*~*~tactically~*~*~ (stealth).
You start resting.
HP restored.
Found a chain mail.
The ogre shouts!
There is an open door here.
You see here an adder corpse.
You barely miss the ogre. The ogre hits you with a +0 giant club.
You slash the ogre!
The ogre is moderately wounded.
The ogre barely misses you.
You barely miss the ogre.
The ogre is moderately wounded.
A worm comes into view.
You barely miss the ogre.
The ogre is moderately wounded.
The ogre hits you with a +0 giant club!!
Ouch! That really hurt!
3526 ||| READING scroll of teleportation.
As you read the scroll of teleportation, it crumbles to dust.
You feel strangely unstable. The ogre hits you with a +0 giant club!
You die...
Xom howls with laughter!

#..... #..... #..... ##
#....#..... [..
#....#..... ....###
#....#.....
.......########....#.....
#.....#....#.....#.....
#.(...@....+.....#.....
#....O#....#.....#.....
#....##....#.....#.....
........#....#.....).....
...###.......##...)##....
.. #.......##....##.... w
#..#....##...[.#....
#..#....##.....#....
#.......'......#...>


You could see an ogre and a worm.

Vanquished Creatures
  3 adders
  An ufetubus (D:4)
  2 worms
  3 dart slugs
  2 orcs (D:3)
  4 endoplasms
  5 giant cockroaches
  6 goblins
  2 hobgoblins
  3 quokkas
  6 ball pythons
  10 bats
  2 frilled lizards
  9 kobolds
  2 rats
60 creatures vanquished.

Vanquished Creatures (collateral kills)
  A kobold (D:2)
1 creature vanquished.

Vanquished Creatures (others)
  A bat zombie (D:2)
1 creature vanquished.

Grand Total: 62 creatures vanquished

Notes
Turn   | Place    | Note
-------+----------+-------------------------------------------
     0 | D:1      | qw the Barachi Chaos Knight began the quest for the Orb.
     0 | D:1      | Reached XP level 1. HP: 18/18 MP: 1/1
     0 | D:1      | 0 ||| qw: Version: 0.1-a-108-g9e35731
     0 | D:1      | 0 ||| qw: Game counter: 6548
     0 | D:1      | 0 ||| qw: Always use a shield: true
     0 | D:1      | 0 ||| qw: God list: Okawaru
     0 | D:1      | 0 ||| qw: Allow faded altars: false
     0 | D:1      | 0 ||| qw: Do Orc after D:15 true
     0 | D:1      | 0 ||| qw: Do second Lair branch before Depths: true
     0 | D:1      | 0 ||| qw: Lair rune preference: random
     0 | D:1      | 0 ||| qw: Plans: Normal
     0 | D:1      | 0 ||| PLANNING D:1-11
     0 | D:1      | Fell from the grace of Xom
   102 | D:1      | 102 ||| Stepping ~*~*~tactically~*~*~ (stealth).
   114 | D:1      | Reached XP level 2. HP: 24/24 MP: 2/2
   143 | D:1      | Reached skill level 4 in Axes
   157 | D:1      | XOM: give mutations
   157 | D:1      | Gained mutation: Your flesh is heat resistant. (rF+) [Xom's
                  | mischief]
   157 | D:1      | Gained mutation: You occasionally shout uncontrollably at
                  | your foes. [Xom's mischief]
   157 | D:1      | Gained mutation: You are clumsy. (Dex -2) [Xom's mischief]
   306 | D:1      | Found Xixzim's Assorted Antiques.
   328 | D:1      | Found a faded altar of an unknown god.
   330 | D:1      | 330 ||| SHOPLISTING inky potion (21 gold, have 0).
   330 | D:1      | 330 ||| SHOPLISTING scroll labelled BAMANIH OMEH (24 gold,
                  | have 0).
   330 | D:1      | 330 ||| SHOPLISTING scroll labelled JUWUEJ SOHYSCH (24
                  | gold, have 0).
   330 | D:1      | 330 ||| SHOPLISTING scroll labelled PIGU BOYZAEN (24 gold,
                  | have 0).
   330 | D:1      | 330 ||| SHOPLISTING warped war axe (204 gold, have 0).
   411 | D:1      | 411 ||| Stepping ~*~*~tactically~*~*~ (hiding).
   513 | D:1      | 513 ||| Stepping ~*~*~tactically~*~*~ (hiding).
   514 | D:1      | 514 ||| Stepping ~*~*~tactically~*~*~ (hiding).
   517 | D:1      | 517 ||| Stepping ~*~*~tactically~*~*~ (hiding).
   864 | D:1      | Reached XP level 3. HP: 28/29 MP: 3/3
  1159 | D:1      | 1159 ||| UPGRADING to +0 ring mail.
  1169 | D:1      | 1169 ||| DROPPING +2 leather armour.
  1170 | D:1      | 1170 ||| UPGRADING to amulet of guardian spirit.
  1175 | D:1      | 1175 ||| READING scroll labelled FUUFEY NOAJEUJ.
  1176 | D:1      | 1176 ||| READING scroll labelled KUSOUQ ETIZO.
  1177 | D:1      | 1177 ||| READING scroll labelled ABEF GIOMIO.
  1178 | D:1      | 1178 ||| READING scroll labelled NOEXKEX TIPP.
  1179 | D:1      | 1179 ||| DRINKING 2 glowing yellow potions.
  1341 | D:2      | Found a basalt altar of Yredelemnul.
  1410 | D:2      | 1410 ||| READING 2 scrolls of enchant weapon.
  1410 | D:2      | 1410 ||| ENCHANTING +1 hand axe of chaos.
  1411 | D:2      | 1411 ||| READING scroll of enchant weapon.
  1411 | D:2      | 1411 ||| ENCHANTING +2 hand axe of chaos.
  1414 | D:2      | 1414 ||| DROPPING +0 club.
  1434 | D:2      | Reached skill level 5 in Axes
  1568 | D:2      | 1568 ||| SWAPPING to +0 war axe.
  1611 | D:2      | 1611 ||| DROPPING +3 hand axe of chaos.
  1960 | D:2      | 1960 ||| UPGRADING to ring of protection from cold.
  1961 | D:2      | 1961 ||| READING scroll labelled BAEPSY ZAEN.
  1965 | D:2      | 1965 ||| READING scroll labelled PIGU BOYZAEN.
  1966 | D:2      | 1966 ||| DRINKING 4 yellow potions.
  2075 | D:3      | Reached XP level 4. HP: 36/36 MP: 4/4
  2159 | D:3      | 2159 ||| Stepping ~*~*~tactically~*~*~ (stealth).
  2163 | D:3      | Found a glowing silver altar of Zin.
  2163 | D:3      | Noticed an angel
  2191 | D:3      | 2191 ||| Stepping ~*~*~tactically~*~*~ (stealth).
  2248 | D:3      | 2248 ||| FLEEEEING.
  2249 | D:3      | 2249 ||| FLEEEEING.
  2250 | D:3      | 2250 ||| FLEEEEING.
  2251 | D:3      | 2251 ||| FLEEEEING.
  2254 | D:3      | 2254 ||| FLEEEEING.
  2255 | D:3      | 2255 ||| FLEEEEING.
  2256 | D:3      | 2256 ||| FLEEEEING.
  2257 | D:3      | 2257 ||| FLEEEEING.
  2258 | D:3      | 2258 ||| FLEEEEING.
  2262 | D:3      | 2262 ||| FLEEEEING.
  2265 | D:3      | 2265 ||| STAIRDANCE
  2477 | D:2      | 2477 ||| UPGRADING to +0 chain mail.
  2487 | D:2      | 2487 ||| DROPPING +0 ring mail.
  2514 | D:3      | XOM: 4-stop teleportation journey
  2631 | D:3      | 2631 ||| Stepping ~*~*~tactically~*~*~ (stealth).
  2878 | D:3      | 2878 ||| READING 3 scrolls of enchant weapon.
  2878 | D:3      | 2878 ||| ENCHANTING +0 war axe.
  2879 | D:3      | 2879 ||| READING 2 scrolls of enchant weapon.
  2879 | D:3      | 2879 ||| ENCHANTING +1 war axe.
  2880 | D:3      | 2880 ||| READING scroll of enchant weapon.
  2880 | D:3      | 2880 ||| ENCHANTING +2 war axe.
  3275 | D:3      | 3275 ||| READING scroll labelled BAMANIH OMEH.
  3276 | D:3      | 3276 ||| DRINKING 3 murky dark potions.
  3277 | D:3      | 3277 ||| DROPPING 2 potions of attraction.
  3288 | D:4      | 3288 ||| PLANNING OSSUARY
  3336 | D:4      | Found Iwkadwown's Assorted Antiques.
  3342 | D:4      | 3342 ||| BUYING 2 fuming sapphire potions (39 gold).
  3342 | D:4      | Bought 2 fuming sapphire potions for 39 gold pieces
  3342 | D:4      | 3342 ||| BUYING 2 inky potions (39 gold).
  3342 | D:4      | Bought 2 inky potions for 39 gold pieces
  3342 | D:4      | 3342 ||| BUYING clear potion (19 gold).
  3342 | D:4      | Bought a clear potion for 19 gold pieces
  3342 | D:4      | 3342 ||| SHOPLISTING glowing scarf (176 gold, have 73).
  3342 | D:4      | 3342 ||| BUYING puce potion (19 gold).
  3342 | D:4      | Bought a puce potion for 19 gold pieces
  3342 | D:4      | 3342 ||| BUYING scroll labelled TUDIPSUPPA (22 gold).
  3342 | D:4      | Bought a scroll labelled TUDIPSUPPA for 22 gold pieces
  3342 | D:4      | 3342 ||| SHOPLISTING scroll of teleportation (66 gold, have
                  | 32).
  3451 | D:4      | 3451 ||| DROPPING +0 whip.
  3516 | D:4      | Noticed an ogre
  3517 | D:4      | 3517 ||| Stepping ~*~*~tactically~*~*~ (stealth).
  3525 | D:4      | HP: 9/36 [ogre/+0 giant club (27)]
  3526 | D:4      | 3526 ||| READING scroll of teleportation.
  3526 | D:4      | Slain by an ogre

Levels and vault maps discovered:
D:1:      arrival_zaba_pyramid, layout_basic, serial_shops,
          nicolae_shop_waterfront, ebering_ecumenical_altar_ruins
D:2:      layout_loops_ring, basic_altar
D:3:      layout_basic, zin_angel, kennysheep_generic_room_10
D:4:      layout_gridville, mainiacjoe_overflow_paths,
          gup_ossuary_entry_pyramid, serial_shops, nicolae_shop_hallway_stairs,
          chequers_serial_rivers_micro_b, hangedman_decor_growths

Skill      XL: |  1  2  3 |
---------------+----------+-----
Axes           | 4 5 |  5.9
Fighting       | |  3.6
Armour         | |  2.4
Dodging        | |  1.1

Action                   |  1- 3 |  4- 6 || total
-------------------------+-------+-------++-------
Melee: Hand axe          |    82 |       ||    82
       Punch             |     1 |       ||     1
       War axe           |    19 |    86 ||   105
Invok: Renounce Religion |     1 |       ||     1
  Use: Scroll            |     8 |     5 ||    13
       Potion            |     2 |     1 ||     3
Armor: Leather armour    |    16 |       ||    16
       Ring mail         |    26 |     3 ||    29
       Chain mail        |       |    63 ||    63
Dodge: Dodged            |    48 |    56 ||   104

Table legend:
 A = Non-vault XP
 B = Vault XP
 C = Vault XP percentage of total XP
 D = Non-vault monster count
 E = Vault monster count
 F = Vault count percentage of total count
                 A         B        C        D         E       F
            +---------+---------+-------+---------+---------+-------
      Total |     150 |       2 |   1.3 |      60 |       1 |   1.6
            +---------+---------+-------+---------+---------+-------
        D:1 |      40 |       0 |   0.0 |      23 |       0 |   0.0
        D:2 |      30 |       0 |   0.0 |      12 |       0 |   0.0
        D:3 |      50 |       2 |   3.8 |      19 |       1 |   5.0
        D:4 |      30 |       0 |   0.0 |       6 |       0 |   0.0
            +---------+---------+-------+---------+---------+-------
